| TOP OF THE 1ST |
|
San Antonio Missions batting - Pitching for Columbia Fireflies : RHP Jason Vulich
|
|
Pitching: RHP Jason Vulich
|
|
|
Batting: RHB Steve Martin
|
0-0: Ball 1-0: Ball 2-0: Called Strike 2-1: Ball 3-1: Swinging Strike 3-2: Strikes out swinging
|
|
Batting: LHB Sammy Roddenberry
|
0-0: Ball 1-0: DOUBLE (Groundball, 5L, EV 101.2 MPH)
|
|
Batting: SHB Devin Hottenstein
|
0-0: Ball Sammy Roddenberry steals 3rd base 1-0: Ball 2-0: Called Strike 2-1: Foul Ball, location: 2F 2-2: Ball 3-2: DOUBLE (Flyball, 8LXD, EV 107.5 MPH) Sammy Roddenberry scores
|
|
Batting: LHB Josh Slusarczyk
|
0-0: Ball 1-0: Ball 2-0: Called Strike 2-1: Ball 3-1: Called Strike 3-2: Strikes out swinging
|
|
Batting: LHB Javy Portela
|
0-0: Ball 1-0: Called Strike 1-1: Fly out, F7 (Flyball, 78M, EV 88.8 MPH)
|
| Top of the 1st over - 1 run, 2 hits, 0 errors, 1 left on base; San Antonio 1 - Columbia 0 |
| BOTTOM OF THE 1ST |
|
Columbia Fireflies batting - Pitching for San Antonio Missions : RHP Jim Canady
|
|
Pitching: RHP Jim Canady
|
|
|
Batting: RHB Zhao-ying Joe
|
0-0: Called Strike 0-1: Foul Ball, location: 2F 0-2: SINGLE (Line Drive, 3D, EV 98.1 MPH)
|
|
Batting: SHB Jason Caruso
|
0-0: Ball Zhao-ying Joe steals 2nd base (no throw) 1-0: Hit by Pitch
|
|
Batting: LHB Bayesa Mundhir
|
0-0: Called Strike 0-1: Foul Ball, location: 2F 0-2: Strikes out swinging
|
|
Batting: SHB Justin Wallace
|
0-0: Ball 1-0: Grounds out, U3 (Groundball, 3L, EV 106.2 MPH) Zhao-ying Joe to third
|
|
Batting: LHB Tony Leyba
|
0-0: Ball 1-0: Foul Ball, location: 2F 1-1: Ground out 6-3 (Groundball, 6, EV 89.4 MPH)
|
| Bottom of the 1st over - 0 runs, 1 hit, 0 errors, 2 left on base; San Antonio 1 - Columbia 0 |
| TOP OF THE 2ND |
|
San Antonio Missions batting - Pitching for Columbia Fireflies : RHP Jason Vulich
|
|
Batting: SHB Olaf Zoeteman
|
0-0: Called Strike 0-1: Reached on error, E4 (Groundball, 4, EV 85.0 MPH)
|
|
Batting: RHB Francisco Trejo
|
0-0: Foul Ball, location: 2F 0-1: Called Strike 0-2: Ball 1-2: Fly out, F8 (Flyball, 8RXD, EV 100.0 MPH) Runner from 2nd tags up, SAFE at 3rd, no throw by CF
|
|
Batting: RHB Gary Hills
|
0-0: Foul Ball, location: 2F 0-1: Foul Ball, location: 2F 0-2: Strikes out swinging
|
|
Batting: RHB Jerry Garcez
|
0-0: Swinging Strike 0-1: Ground out 6-3 (Groundball, 6, EV 94.4 MPH)
|
| Top of the 2nd over - 0 runs, 0 hits, 1 error, 1 left on base; San Antonio 1 - Columbia 0 |
| BOTTOM OF THE 2ND |
|
Columbia Fireflies batting - Pitching for San Antonio Missions : RHP Jim Canady
|
|
Batting: RHB Artyom Shavkunov
|
0-0: Called Strike 0-1: DOUBLE (Line Drive, 7LS, EV 105.0 MPH)
|
|
Batting: RHB Jake Geib
|
0-0: Called Strike 0-1: Swinging Strike 0-2: Ground out 5-3 (Groundball, 5, EV 79.4 MPH)
|
|
Batting: RHB Dan Muse
|
0-0: Foul Ball, location: 2F 0-1: Foul Ball, location: 2F 0-2: Ball 1-2: Ball 2-2: Ball 3-2: Strikes out looking
|
|
Batting: RHB Frank Shaw
|
0-0: Ball 1-0: Fly out, F8 (Flyball, 8LD, EV 91.9 MPH)
|
| Bottom of the 2nd over - 0 runs, 1 hit, 0 errors, 1 left on base; San Antonio 1 - Columbia 0 |
| TOP OF THE 3RD |
|
San Antonio Missions batting - Pitching for Columbia Fireflies : RHP Jason Vulich
|
|
Batting: RHB Steve Martin
|
0-0: Called Strike 0-1: Called Strike 0-2: Strikes out looking
|
|
Batting: LHB Sammy Roddenberry
|
0-0: Ball 1-0: Foul Ball, location: 2F 1-1: Called Strike 1-2: Ball 2-2: Fly out, F8 (Flyball, 8LD, EV 102.5 MPH)
|
|
Batting: SHB Devin Hottenstein
|
0-0: Ball 1-0: Foul Ball, location: 2F 1-1: Foul Ball, location: 2F 1-2: Fly out, F8 (Flyball, 8LD, EV 92.5 MPH)
|
| Top of the 3rd over - 0 runs, 0 hits, 0 errors, 0 left on base; San Antonio 1 - Columbia 0 |
| BOTTOM OF THE 3RD |
|
Columbia Fireflies batting - Pitching for San Antonio Missions : RHP Jim Canady
|
|
Batting: RHB Zhao-ying Joe
|
0-0: Ball 1-0: Ball 2-0: Called Strike 2-1: Called Strike 2-2: Foul Ball, location: 2F 2-2: Ground out 1-3 (Groundball, 25, EV 63.8 MPH)
|
|
Batting: SHB Jason Caruso
|
0-0: Ball 1-0: Ball 2-0: Foul Ball, location: 2F 2-1: Ball 3-1: Fly out, F8 (Flyball, 8RD, EV 96.9 MPH)
|
|
Batting: LHB Bayesa Mundhir
|
0-0: Ball 1-0: Swinging Strike 1-1: SINGLE (Line Drive, 4D, EV 99.4 MPH)
|
|
Batting: SHB Justin Wallace
|
0-0: Ball 1-0: Foul Ball, location: 2F 1-1: Ground out 4-3 (Groundball, 4, EV 94.4 MPH)
|
| Bottom of the 3rd over - 0 runs, 1 hit, 0 errors, 1 left on base; San Antonio 1 - Columbia 0 |
| TOP OF THE 4TH |
|
San Antonio Missions batting - Pitching for Columbia Fireflies : RHP Jason Vulich
|
|
Batting: LHB Josh Slusarczyk
|
0-0: Called Strike 0-1: Swinging Strike 0-2: Strikes out swinging
|
|
Batting: LHB Javy Portela
|
0-0: Called Strike 0-1: Ball 1-1: Ground out U3 (Groundball, 34, EV 88.8 MPH)
|
|
Batting: SHB Olaf Zoeteman
|
0-0: Ball 1-0: Ball 2-0: Called Strike 2-1: Reached on error, E9 (Line Drive, 9, EV 98.1 MPH)
|
|
Batting: RHB Francisco Trejo
|
0-0: Ball Wild Pitch! Olaf Zoeteman to third 1-0: Ball 2-0: Ball 3-0: Base on Balls
|
|
Pitching: RHP Justin Overlie
|
|
|
Batting: RHB Gary Hills
|
0-0: Foul Ball, location: 2F 0-1: Swinging Strike 0-2: Foul Ball, location: 2F 0-2: Ball 1-2: Ball 2-2: Fielders Choice at 2nd, 6-4 (Groundball, 6, EV 83.1 MPH)
|
| Top of the 4th over - 0 runs, 0 hits, 1 error, 2 left on base; San Antonio 1 - Columbia 0 |
| BOTTOM OF THE 4TH |
|
Columbia Fireflies batting - Pitching for San Antonio Missions : RHP Jim Canady
|
|
Batting: LHB Tony Leyba
|
0-0: Swinging Strike 0-1: Ball 1-1: Called Strike 1-2: Ball 2-2: SINGLE (Groundball, 4M, EV 108.1 MPH) (infield hit)
|
|
Batting: RHB Artyom Shavkunov
|
0-0: Ball 1-0: Fly out, F9 (Line Drive, 9S, EV 91.9 MPH)
|
|
Batting: RHB Jake Geib
|
0-0: Ball 1-0: Called Strike 1-1: Called Strike 1-2: Foul Ball, location: 2F 1-2: Ball 2-2: SINGLE (Line Drive, 4MD, EV 100.6 MPH) Tony Leyba to second
|
|
Batting: RHB Dan Muse
|
0-0: Ball 1-0: SINGLE (Groundball, 56D, EV 108.1 MPH) Tony Leyba to third Jake Geib to second
|
|
Batting: RHB Frank Shaw
|
0-0: Foul Ball, location: 2F 0-1: Ball 1-1: Foul Ball, location: 2F 1-2: SINGLE (Groundball, 4M, EV 97.5 MPH) Tony Leyba scores Jake Geib to third Dan Muse to second Runner from 3rd tries for Home, throw by CF and OUT! 8-2 Dan Muse to third Frank Shaw to second
|
|
Batting: RHB Zhao-ying Joe
|
0-0: Called Strike 0-1: Called Strike 0-2: Foul Ball, location: 2F 0-2: Foul Ball, location: 2F 0-2: Ball 1-2: Ball 2-2: Foul Ball, location: 2F 2-2: Ground out 5-3 (Groundball, 5, EV 106.9 MPH)
|
| Bottom of the 4th over - 1 run, 4 hits, 0 errors, 2 left on base; San Antonio 1 - Columbia 1 |
| TOP OF THE 5TH |
|
San Antonio Missions batting - Pitching for Columbia Fireflies : RHP Justin Overlie
|
|
Pinch Hitting: RHB Mike Maserang
|
0-0: Ball 1-0: Foul Ball, location: 2F 1-1: SINGLE (Groundball, 34D, EV 101.9 MPH)
|
|
Batting: RHB Steve Martin
|
0-0: Ball 1-0: Foul Ball, location: 2F 1-1: Foul Ball, location: 2F 1-2: Ground out 5-3 (Groundball, 25, EV 80.0 MPH) Mike Maserang to second
|
|
Batting: LHB Sammy Roddenberry
|
0-0: Fly out, F7 (Flyball, 7, EV 92.5 MPH)
|
|
Batting: SHB Devin Hottenstein
|
0-0: Swinging Strike 0-1: Called Strike 0-2: Ball 1-2: Strikes out swinging
|
| Top of the 5th over - 0 runs, 1 hit, 0 errors, 1 left on base; San Antonio 1 - Columbia 1 |
| BOTTOM OF THE 5TH |
|
Columbia Fireflies batting - Pitching for San Antonio Missions : RHP Jim Canady
|
|
Now in CF: Sammy Roddenberry
|
|
|
Now in RF: Wally Cangro
|
|
|
Batting: SHB Jason Caruso
|
0-0: Called Strike 0-1: Called Strike 0-2: Strikes out looking
|
|
Batting: LHB Bayesa Mundhir
|
0-0: Called Strike 0-1: Foul Ball, location: 2F 0-2: Ball 1-2: Strikes out looking
|
|
Batting: SHB Justin Wallace
|
0-0: Ball 1-0: Ground out U3 (Groundball, 34, EV 80.6 MPH)
|
| Bottom of the 5th over - 0 runs, 0 hits, 0 errors, 0 left on base; San Antonio 1 - Columbia 1 |
| TOP OF THE 6TH |
|
San Antonio Missions batting - Pitching for Columbia Fireflies : RHP Justin Overlie
|
|
Batting: LHB Josh Slusarczyk
|
0-0: Ball 1-0: Ball 2-0: SINGLE (Line Drive, 8RS, EV 93.8 MPH)
|
|
Batting: LHB Javy Portela
|
0-0: Foul Ball, location: 2F 0-1: Ball 1-1: Ball 2-1: DOUBLE (Flyball, 8RXD, EV 101.9 MPH) Josh Slusarczyk to third
|
|
Batting: SHB Olaf Zoeteman
|
0-0: Foul Ball, location: 2F 0-1: Called Strike 0-2: Ball 1-2: SINGLE (Line Drive, 6MD, EV 98.1 MPH) Josh Slusarczyk scores Javy Portela to third
|
|
Batting: RHB Francisco Trejo
|
Squeeze bunt is on, Javy Portela is out 0-1: Ball 1-1: Ball 2-1: Ground out 5-3 (Groundball, 56S, EV 68.8 MPH) Olaf Zoeteman to second
|
|
Batting: RHB Gary Hills
|
0-0: Ball 1-0: Foul Ball, location: 2F 1-1: Foul Ball, location: 2F 1-2: Ball 2-2: SINGLE (Flyball, 78M, EV 91.9 MPH) Olaf Zoeteman to third Runner from 3rd tries for Home, SAFE, throw by CF to home
|
|
Batting: RHB Wally Cangro
|
0-0: DOUBLE (Flyball, 89XD, EV 92.5 MPH) Gary Hills to third Runner from 3rd tries for Home, SAFE, throw by CF to trailing runner, SAFE at third!
|
|
Pitching: LHP Keith Noftall
|
|
|
Batting: RHB Steve Martin
|
0-0: Called Strike 0-1: Swinging Strike 0-2: Strikes out looking
|
| Top of the 6th over - 3 runs, 5 hits, 0 errors, 1 left on base; San Antonio 4 - Columbia 1 |
| BOTTOM OF THE 6TH |
|
Columbia Fireflies batting - Pitching for San Antonio Missions : RHP Jim Canady
|
|
Batting: LHB Tony Leyba
|
0-0: Called Strike 0-1: Ball 1-1: Swinging Strike 1-2: Strikes out swinging
|
|
Batting: RHB Artyom Shavkunov
|
0-0: Ball 1-0: Fly out, F8 (Flyball, 89M, EV 89.4 MPH)
|
|
Batting: RHB Jake Geib
|
0-0: Ball 1-0: Swinging Strike 1-1: SINGLE (Flyball, 56D, EV 92.5 MPH) - OUT at second base trying to stretch hit.
|
| Bottom of the 6th over - 0 runs, 1 hit, 0 errors, 0 left on base; San Antonio 4 - Columbia 1 |
| TOP OF THE 7TH |
|
San Antonio Missions batting - Pitching for Columbia Fireflies : LHP Keith Noftall
|
|
Batting: LHB Sammy Roddenberry
|
0-0: Called Strike 0-1: Foul Ball, location: 2F 0-2: Ball 1-2: Ball 2-2: Ball 3-2: Foul Ball, location: 2F 3-2: Strikes out swinging
|
|
Batting: SHB Devin Hottenstein
|
0-0: Called Strike 0-1: Hit by Pitch
|
|
Batting: LHB Josh Slusarczyk
|
0-0: Ball 1-0: Ball 2-0: Fielders Choice at 2nd, 3-6 (Groundball, 34S, EV 83.8 MPH)
|
|
Batting: LHB Javy Portela
|
0-0: Ball 1-0: 2-RUN HOME RUN (Flyball, 9D, EV 97.5 MPH), Distance : 359 ft
|
|
Batting: SHB Olaf Zoeteman
|
0-0: Foul Ball, location: 2F 0-1: Ball 1-1: Ball 2-1: Ball 3-1: SOLO HOME RUN (Flyball, 7LD, EV 96.9 MPH), Distance : 353 ft
|
|
Pitching: RHP Casey Cuomo
|
|
|
Batting: RHB Francisco Trejo
|
0-0: Foul Ball, location: 2F 0-1: Ball 1-1: Foul Ball, location: 2F 1-2: Foul Ball, location: 2F 1-2: Foul Ball, location: 2F 1-2: Ball 2-2: Foul Ball, location: 2F 2-2: Strikes out looking
|
| Top of the 7th over - 3 runs, 2 hits, 0 errors, 0 left on base; San Antonio 7 - Columbia 1 |
| BOTTOM OF THE 7TH |
|
Columbia Fireflies batting - Pitching for San Antonio Missions : RHP Jim Canady
|
|
Batting: RHB Dan Muse
|
0-0: Swinging Strike 0-1: Swinging Strike 0-2: Foul Ball, location: 2F 0-2: Ball 1-2: Ball 2-2: Hit by Pitch
|
|
Pitching: RHP Juan Magdaleno
|
|
|
Batting: RHB Frank Shaw
|
0-0: Called Strike Dan Muse steals 2nd base (no throw) 0-1: Called Strike 0-2: Ball 1-2: Ball 2-2: Foul Ball, location: 2F 2-2: Ground out 6-3 (Groundball, 6, EV 106.9 MPH)
|
|
Batting: RHB Zhao-ying Joe
|
0-0: Ground out 6-3 (Groundball, 4M, EV 81.2 MPH) Dan Muse to third
|
|
Batting: SHB Jason Caruso
|
0-0: Ground out 5-3 (Groundball, 5S, EV 66.2 MPH)
|
| Bottom of the 7th over - 0 runs, 0 hits, 0 errors, 1 left on base; San Antonio 7 - Columbia 1 |
| TOP OF THE 8TH |
|
San Antonio Missions batting - Pitching for Columbia Fireflies : RHP Casey Cuomo
|
|
Batting: RHB Gary Hills
|
0-0: Ball 1-0: Foul Ball, location: 2F 1-1: Called Strike 1-2: SINGLE (Groundball, 6MD, EV 93.8 MPH)
|
|
Batting: RHB Wally Cangro
|
0-0: Called Strike 0-1: Ball Passed Ball! Gary Hills to second 1-1: Foul Ball, location: 2F 1-2: Foul Ball, location: 2F 1-2: Ball 2-2: Ground out U3 (Groundball, 13, EV 81.9 MPH) Gary Hills to third
|
|
Batting: RHB Steve Martin
|
0-0: Ball 1-0: Ball 2-0: Swinging Strike 2-1: Called Strike 2-2: Ball 3-2: Strikes out swinging
|
|
Batting: LHB Sammy Roddenberry
|
0-0: Ball 1-0: Foul Ball, location: 2F 1-1: Fly out, F8 (Flyball, 8RXD, EV 93.8 MPH)
|
| Top of the 8th over - 0 runs, 1 hit, 0 errors, 1 left on base; San Antonio 7 - Columbia 1 |
| BOTTOM OF THE 8TH |
|
Columbia Fireflies batting - Pitching for San Antonio Missions : RHP Juan Magdaleno
|
|
Batting: LHB Bayesa Mundhir
|
0-0: Ball 1-0: Fly out, F7 (Line Drive, 7, EV 104.4 MPH)
|
|
Batting: SHB Justin Wallace
|
0-0: Foul Ball, location: 2F 0-1: Swinging Strike 0-2: Foul Ball, location: 2F 0-2: Ball 1-2: Ball 2-2: Strikes out swinging
|
|
Batting: LHB Tony Leyba
|
0-0: Ball 1-0: DOUBLE (Line Drive, 9LS, EV 96.9 MPH)
|
|
Batting: RHB Artyom Shavkunov
|
0-0: Ball 1-0: Ball 2-0: 2-RUN HOME RUN (Flyball, 7LD, EV 91.2 MPH), Distance : 342 ft
|
|
Batting: RHB Jake Geib
|
0-0: Ball 1-0: Fly out, F4 (Popup, 4M, EV 57.5 MPH)
|
| Bottom of the 8th over - 2 runs, 2 hits, 0 errors, 0 left on base; San Antonio 7 - Columbia 3 |
| TOP OF THE 9TH |
|
San Antonio Missions batting - Pitching for Columbia Fireflies : RHP Casey Cuomo
|
|
Pitching: RHP Alastair Henry
|
|
|
Batting: SHB Devin Hottenstein
|
0-0: Ball 1-0: Foul Ball, location: 2F 1-1: Foul Ball, location: 2F 1-2: Ball 2-2: Fly out, F8 (Flyball, 8RXD, EV 86.9 MPH)
|
|
Batting: LHB Josh Slusarczyk
|
0-0: Foul Ball, location: 2F 0-1: Swinging Strike 0-2: Ball 1-2: Strikes out looking
|
|
Batting: LHB Javy Portela
|
0-0: Ball 1-0: Foul Ball, location: 2F 1-1: Called Strike 1-2: Ball 2-2: Fly out, F8 (Flyball, 8LM, EV 91.9 MPH)
|
| Top of the 9th over - 0 runs, 0 hits, 0 errors, 0 left on base; San Antonio 7 - Columbia 3 |
| BOTTOM OF THE 9TH |
|
Columbia Fireflies batting - Pitching for San Antonio Missions : RHP Juan Magdaleno
|
|
Pitching: LHP Ed Valdez
|
|
|
Batting: RHB Dan Muse
|
0-0: Called Strike 0-1: Foul Ball, location: 2F 0-2: Foul Ball, location: 2F 0-2: Ball 1-2: Foul Ball, location: 2F 1-2: Ball 2-2: Ball 3-2: Strikes out swinging
|
|
Batting: RHB Frank Shaw
|
0-0: Called Strike 0-1: Ball 1-1: Ball 2-1: SINGLE (Groundball, 6MD, EV 97.5 MPH)
|
|
Batting: RHB Zhao-ying Joe
|
0-0: Ball 1-0: Called Strike 1-1: Ball 2-1: Fielders Choice at 2nd, 4-6 (Groundball, 4, EV 80.0 MPH)
|
|
Batting: SHB Jason Caruso
|
0-0: Ball 1-0: Swinging Strike 1-1: Foul Ball, location: 2F 1-2: Ball 2-2: Strikes out looking
|
| Bottom of the 9th over - 0 runs, 1 hit, 0 errors, 1 left on base; San Antonio 7 - Columbia 3 |
|